Map: King's Cove LE

Players

MaNa - Winner!

  • Race: Protoss Protoss
  • Spawn Location: 5:00

Gerald

  • Race: Protoss Protoss
  • Spawn Location: 11:00

Event: 2019 WCS Summer

VOD

Have the link to the VOD?

Description

Time

  • Played on: July 12, 2019, 9:49 a.m.
  • Length: 4:14

All games in this series

Show
View Real Time Build Order
Export as new Build Order

MaNa Protoss - Winner!

Build Orders: Oracle Opening 

Get SALT Encoding   

  12  0:00  Probe  
  13  0:12  Probe  
  14  0:19  Pylon  
  14  0:24  Probe  
  15  0:33  Probe  
  15  0:41  Probe  
  15  0:42  Gateway  
  16  0:48  Assimilator  
  17  0:52  Probe  
  17  0:55  Assimilator  
  18  1:00  Probe  
  19  1:08  Probe  
  19  1:09  Gateway  
  19  1:18  Probe  
  21  1:30  Probe, Cybernetics Core  
  22  1:39  Pylon  
  22  1:42  Probe  
  24  2:06  Stalker x2  
  24  2:08  Pylon  
  27  2:10  Warp Gate  
  28  2:21  Pylon  
  27  2:30  Stargate  
  28  2:41  Stalker  
  28  2:47  Stalker  
  30  2:53  Probe  
  31  3:04  Oracle  
  31  3:08  Probe  
  31  3:11  Shield Battery  
  35  3:26  Shield Battery  
  35  3:28  Probe  
  35  3:46  Probe  
  37  3:58  Probe  
  38  4:05  Stalker x2  
Show
View Real Time Build Order
Export as new Build Order

Gerald Protoss 

Build Orders: Phoenix Opening 

Get SALT Encoding   

  12  0:00  Probe  
  13  0:13  Probe  
  14  0:18  Pylon  
  14  0:23  Probe  
  15  0:32  Probe  
  15  0:37  Gateway  
  15  0:40  Probe  
  16  0:46  Assimilator  
  17  0:52  Probe  
  17  0:55  Assimilator  
  18  1:00  Probe  
  18  1:08  Probe  
  19  1:15  Gateway  
  20  1:19  Probe  
  21  1:26  Cybernetics Core  
  21  1:31  Probe  
  22  1:34  Pylon  
  22  1:44  Probe  
  22  1:46  Pylon  
  23  1:56  Probe  
  24  2:03  Adept  
  24  2:06  Adept  
  24  2:08  Probe, Warp Gate  
  29  2:24  Stargate  
  29  2:40  Stalker  
  30  2:52  Nexus  
  30  3:03  Phoenix  
  31  3:15  Stalker  
  31  3:19  Robotics Facility  
  32  3:29  Phoenix  
  32  3:33  Shield Battery  
  32  3:53  Pylon  
  31  3:58  Stalker x2  
Tags
 
Add a new tag
Caveats
  • Supply blocks, unpowered buildings, or Contaminate may cause inaccurate times.
  • Supply counts are checked every 10 seconds.